 Dungeon Crawl Stone Soup version 0.28-a0-1339-ga5422284a4 (webtiles) character file.

Game seed: 8655040061817906447

770 bande the Chopper (level 7, -5/44 HPs)
             Began as a Gargoyle Fighter on Dec 29, 2021.
             Was a Follower of Okawaru.
             Slain by Duvessa (10 damage)
             ... on level 5 of the Dungeon.
             The game lasted 00:07:24 (6021 turns).

bande the Chopper (Gargoyle Fighter)                Turns: 6021, Time: 00:07:25

Health: -5/44      AC: 16    Str: 20    XL:     7   Next: 82%
Magic:  9/9        EV:  9    Int:  8    God:    Okawaru [*.....]
Gold:   244        SH:  4    Dex: 11    Spells: 6/6 levels left

rFire   . . .      SeeInvis .   a - +0 war axe
rCold   . . .      Faith    .   c - +0 buckler
rNeg    + . .      Spirit   .   b - +3 scale mail
rPois   ∞          Reflect  .   l - +0 helmet
rElec   +          Harm     .   (no cloak)
rCorr   .          Rampage  .   (no gloves)
Will    .....                   (no boots)
Stlth   ..........              (no amulet)
HPRegen 0.14/turn               (no ring)
MPRegen 0.11/turn               (no ring)

@: no status effects
A: sickness immunity, AC +4, negative energy resistance 1, electricity
resistance, torment resistance 1, petrification resistance, no potion heal 1
a: Renounce Religion, Heroism


You were on level 5 of the Dungeon.
You worshipped Okawaru.
Okawaru was aware of your devotion.
You visited 1 branch of the dungeon, and saw 5 of its levels.
You also visited: Sewer.

You collected 244 gold pieces.

Inventory:

Hand Weapons
 a - a +0 war axe (weapon)
 k - a +0 vorpal flail
Armour
 b - a +3 scale mail (worn)
 c - a +0 buckler (worn)
 l - a +0 helmet (worn)
Jewellery
 o - a ring of positive energy
Wands
 h - a wand of polymorph (6)
 n - a wand of flame (6)
Scrolls
 g - 2 scrolls of torment
 j - a scroll of teleportation
 m - a scroll of identify
 p - a scroll of fog
Potions
 d - a potion of might
 e - a potion of magic
 f - 3 potions of curing
 i - 3 potions of haste


   Skills:
 + Level 4.5 Fighting
 + Level 5.3 Axes
 + Level 4.9 Armour
 + Level 4.2 Shields
 * Level 2.9 Invocations
 * Level 1.5 Evocations


You had 6 spell levels left.
You didn't know any spells.
Your spell library contained the following spells:

 Spells                   Type           Power      Damage    Failure   Level
 Slow                     Hex            0%         N/A       75%         1
 Scorch                   Fire           0%         2d5       87%         2
 Confusing Touch          Hex            0%         N/A       98%         3
 Vampiric Draining        Necr           0%         2d6       98%         3
 Flame Wave               Conj/Fire      0%         2d4       100%        4
 Fulminant Prism          Conj/Hex       0%         3d6       100%        4
 Iskenderun's Mystic Bla  Conj/Tloc      0%         2d3       100%        4
 Lee's Rapid Deconstruct  Erth           0%         3d5*      100%        5
 Summon Cactus Giant      Summ           Unusable   N/A       N/A         6

Dungeon Overview and Level Annotations

Branches:
Dungeon (5/15)              Sewer (visited)
 Temple: D:4-7

Altars:
Cheibriados
Okawaru
Wu Jian
The Shining One

Shops:
D:3 *

Annotations:
D:3 3 runed translucent doors, ReploidZero's ghost, amateur KoEn
D:5 Duvessa


Innate Abilities, Weirdness & Mutations

You are immune to sickness and miasma.
Your stone body is resilient. (AC +4)
You are immune to poison.
You resist negative energy. (rN+)
You are resistant to electric shocks. (rElec)
You are resistant to unholy torment.
You are immune to petrification.
Potions are less effective at restoring your health.


Message History

Dowan blinks!
The scorpion barely misses you.
Duvessa says, "Where magic fails, the sword succeeds!"
You barely miss the scorpion.
The scorpion is severely wounded.
You barely miss Duvessa.
The scorpion stings you but does no damage.
Duvessa barely misses you. You block the scorpion's attack.
You closely miss the scorpion.
The scorpion is severely wounded.
You miss Dowan. You completely miss Duvessa. Dowan hits you but does no damage.
Duvessa barely misses you. The scorpion closely misses you.
You hit the scorpion.
The scorpion is almost dead.
You barely miss Dowan. You hit Duvessa but do no damage.
Dowan hits you but does no damage. The scorpion completely misses you.
Duvessa hits you with a +0 short sword! Dowan barely misses you.
You hit the scorpion.
You kill the scorpion!
Okawaru accepts your kill.
You slash Dowan! You closely miss Duvessa. Duvessa hits you but does no damage.
Dowan gestures at Duvessa while chanting.
Duvessa seems to speed up.
You hit Dowan but do no damage.
Dowan is heavily wounded.
You closely miss Duvessa. Duvessa barely misses you.
Duvessa hits you but does no damage.
Dowan says, "Stay away from my face!"
Dowan gestures at you while chanting. The puff of frost hits you.
You slash Dowan!
You kill Dowan!
Okawaru accepts your kill.
Duvessa screams in rage.
Duvessa goes berserk!
You hit Duvessa but do no damage. Duvessa hits you but does no damage.
Duvessa hits you with a +0 short sword!
* * * LOW HITPOINT WARNING * * *
Duvessa hits you with a +0 short sword!
* * * LOW HITPOINT WARNING * * *
Duvessa hits you with a +0 short sword!
You die...

#### ...# #........# ...#
#......... ...#####
#......... ...÷...#
#......... ...###.##
#......... ...#
#..########........# ...#
##....#....e†......# #
...####[##...##.@.......#
#
...'....................+
...####..#..............#
...# #..#.###..>.......#
...# #....# #..........#
...# ####.####...########
#### #.......#.....#
###### ####
#.##..#.#.#.#.# #....)
...# #.###.#...#.#.#
#.####


You could see Duvessa (berserk, fast).

Vanquished Creatures
  3 ogres
  A scorpion (D:5)
  Dowan (D:5)
  2 hounds
  A jelly (D:5)
  A bullfrog skeleton (D:2)
  An iguana (D:5)
  2 orc wizards
  A hell rat (Sewer)
  Robin (D:4)
  3 gnolls (D:5)
  2 adders
  A river rat (Sewer)
  An adder skeleton (D:4)
  2 worms
  3 dart slugs
  10 orcs
  5 endoplasms
  4 giant cockroaches
  16 goblins
  5 hobgoblins
  13 jackals
  3 quokkas
  7 ball pythons
  9 bats
  5 frilled lizards
  6 kobolds
  9 rats
118 creatures vanquished.

Notes
Turn   | Place    | Note
-------+----------+-------------------------------------------
     0 | D:1      | bande the Gargoyle Fighter began the quest for the Orb.
     0 | D:1      | Reached XP level 1. HP: 14/14 MP: 1/1
   241 | D:1      | Reached XP level 2. HP: 19/19 MP: 2/2
   265 | D:1      | Reached skill level 2 in Axes
   538 | D:1      | Reached XP level 3. HP: 19/23 MP: 3/3
   807 | D:1      | Found a faded altar of an unknown god.
  1827 | D:2      | Reached skill level 3 in Axes
  1827 | D:2      | Reached XP level 4. HP: 29/29 MP: 4/4
  2183 | D:3      | Found an iron altar of Okawaru.
  2230 | D:3      | Became a worshipper of Warmaster Okawaru
  2246 | D:3      | Noticed an ogre
  2256 | D:3      | Killed an ogre
  2257 | D:3      | Reached skill level 1 in Invocations
  2257 | D:3      | Reached XP level 5. HP: 27/33 MP: 5/5
  2420 | D:3      | Found Awnuufav's General Store.
  2473 | D:3      | Found an ornate altar of the Wu Jian Council.
  2493 | D:3      | Found a snail-covered altar of Cheibriados.
  2512 | D:3      | Found a glowing golden altar of the Shining One.
  2585 | D:3      | Found a runed translucent gate.
  2585 | D:3      | Found a runed translucent gate.
  2585 | D:3      | Found a runed translucent gate.
  2650 | D:3      | Found a glowing drain.
  2661 | Sewer    | Entered a sewer
  2701 | Sewer    | Reached skill level 4 in Axes
  2788 | Sewer    | Reached XP level 6. HP: 5/38 MP: 7/7
  3168 | Sewer    | Identified the +1 spear of Vyeh {freeze, rN+}
  3366 | D:3      | Noticed ReploidZero's ghost (amateur KoEn)
  3737 | D:4      | Noticed Robin
  3984 | D:4      | Killed Robin
  4132 | D:4      | Gained mutation: Potions are less effective at restoring
                  | your health. [potion of mutation]
  4358 | D:4      | Reached * piety under Okawaru
  4632 | D:5      | Entered Level 5 of the Dungeon
  4648 | D:5      | HP: 1/38 [ogre (14)]
  4653 | D:5      | Reached XP level 7. HP: 8/44 MP: 8/8
  5156 | D:5      | Reached skill level 5 in Axes
  5156 | D:5      | Reached skill level 1 in Evocations
  6009 | D:5      | Noticed Dowan
  6009 | D:5      | Noticed Duvessa
  6020 | D:5      | Killed Dowan
  6021 | D:5      | Slain by Duvessa

Illustrated notes

Levels and vault maps discovered:
D:1:      eino_arrival_cavern_d, layout_basic,
          shapermc_ecumenical_altar_hornbeckon, kennysheep_nondescript,
          minmay_tripent
D:2:      layout_basic
D:3:      layout_rooms, general_overflow_altar, mainiacjoe_overflow_24_doors,
          mainiacjoe_overflow_brackets, nicolae_wu_jian_glorious_leap,
          ebering_ghost_rock_garden, gup_sewer_entry_bowl, serial_shops,
          nicolae_shop_window_shopping
D:4:      layout_cave_pools, minmay_strange_pillars, uniq_robin
D:5:      layout_basic, gammafunk_ghost_nasty_kobolds, corexii_leaking_fountain,
          minmay_misc_feat_secret_circle, uniq_duvessa

Skill      XL: |  1  2  3  4  5  6  7 |
---------------+----------------------+-----
Axes           | 2 3 4 5 |  5.3
Fighting       | 4 |  4.5
Invocations    | 1 2 |  2.9
Armour         | 4 |  4.9
Shields        | 4 |  4.2
Evocations     | 1 |  1.5

Action                   |  1- 3 |  4- 6 |  7- 9 || total
-------------------------+-------+-------+-------++-------
Melee: War axe           |   114 |   181 |    60 ||   355
  Use: Scroll            |     6 |     5 |     2 ||    13
       Potion            |       |     2 |       ||     2
Armor: Scale mail        |    63 |    85 |    36 ||   184
       Chain mail        |       |    35 |       ||    35
Dodge: Dodged            |    59 |    97 |    31 ||   187
Block: Buckler           |    25 |    40 |    15 ||    80

Table legend: (Time is in decaauts)
 A = Elapsed time spent in this place.
 B = Non-inter-level travel time spent in this place.
 C = Inter-level travel time spent in this place.
 D = Time resting spent in this place.
 E = Time spent auto-exploring this place.
 F = Levels seen in this place.
 G = Mean time per level.
                   A        B        C        D        E       F      G
               +--------+--------+--------+--------+--------+-----+--------+
         Total |   6166 |   6157 |      9 |   1805 |   3266 |   6 | 1027.7 |
       Dungeon |   5621 |   5612 |      9 |   1431 |   3180 |   5 | 1124.2 |
         Sewer |    544 |    544 |      0 |    374 |     85 |   1 |  544.0 |
               +--------+--------+--------+--------+--------+-----+--------+

Top non-repeatable levels by time:
     D:5: 1405 daAuts
     D:3: 1344 daAuts
     D:2: 1187 daAuts
     D:1: 988 daAuts
     D:4: 696 daAuts
   Sewer: 544 daAuts
